[Event "Titled Tuesday Blitz April 4 Early 2023"]
[White "Skvortsov, Andrei"]
[Black "Silva Lucena, Cristian"]
[WhiteFideId "24108600"]
[BlackFideId "2232588"]
[WhiteElo "2259"]
[BlackElo "2223"]
[Result "1-0"]
[Round "01"]
[TimeControl "180+2"]
[Date "2023.04.04"]
[WhiteClock "0:00:12"]
[BlackClock "0:00:10"]

1. e4 c5 2. d4 cxd4 3. Qxd4 Nc6 4. Qd3 Nf6 5. Nc3 g6 6. Nf3 d6 7. Be2 Bg7 8. O-O O-O 9. Nd5 Be6 10. c3 Rc8 11. Rd1 Re8 12. Bg5 Ng4 13. a4 h6 14. Bh4 Nce5 15. Nxe5 Bxe5 16. h3 Bxd5 17. Bxg4 Be6 18. Bxe6 fxe6 19. Qe3 Kg7 20. Qxa7 Qc7 21. Qe3 Qc5 22. Qxc5 Rxc5 23. f3 Bf4 24. Bf2 Rc6 25. g3 Bg5 26. e5 dxe5 27. Re1 Bf6 28. Re4 Rd8 29. Rae1 Rd2 30. R1e2 Rd1+ 31. Kg2 Rcd6 32. Rb4 Rd7 33. Bb6 h5 34. Be3 Kf7 35. h4 R1d3 36. Re4 Rd1 37. Bf2 Ra1 38. Re1 Ra2 39. R1e2 Rd6 40. Rb4 Rd7 41. Be3 Ra1 42. Kh3 Rh1+ 43. Rh2 Rhd1 44. Re4 R1d3 45. Re2 Rd1 46. a5 Ra1 47. Bb6 Rf1 48. Kg2 Rfd1 49. Rf2 R7d2 50. Ree2 Rd5 51. c4 R5d3 52. Re3 Rd6 53. Ree2 Rc6 54. Rc2 Rd3 55. b4 Rb3 56. b5 Rc8 57. Rfe2 e4 58. fxe4 Be5 59. Rf2+ Kg7 60. Rf3 Rxb5 61. cxb5 Rxc2+ 62. Rf2 Rc4 63. Ra2 Rb4 64. a6 bxa6 65. bxa6 Rxb6 66. a7 Rb5 67. a8=Q Rb3 68. Qa4 Rxg3+ 69. Kf1 Rg4 70. Qd7 Kf7 71. Rf2+ Bf6 72. e5 Rxh4 73. Rxf6+ 1-0


[Site "https://www.chess.com"]

[Event "Titled Tuesday Blitz April 4 Early 2023"]
[White "Yanayt, Eugene"]
[Black "Ezat, Mohamed"]
[WhiteFideId "2020165"]
[BlackFideId "10600906"]
[WhiteElo "2083"]
[BlackElo "2386"]
[Result "0-1"]
[Round "01"]
[TimeControl "180+2"]
[Date "2023.04.04"]
[WhiteClock "0:00:18"]
[BlackClock "0:00:49"]

1. d4 Nf6 2. c4 g6 3. Nc3 Bg7 4. e4 d6 5. Be2 O-O 6. Bg5 h6 7. Be3 c5 8. d5 e6 9. Nf3 exd5 10. cxd5 Re8 11. Nd2 a6 12. a4 Qc7 13. a5 Nbd7 14. O-O b5 15. axb6 Nxb6 16. f3 Nfxd5 17. Nxd5 Nxd5 18. exd5 Rxe3 19. Nc4 Re8 20. Bd3 Bd7 21. Na5 Bxb2 22. Rb1 Bd4+ 23. Kh1 Qxa5 24. Rb7 Bb5 25. Bxg6 Bxf1 26. Bxf7+ Kh8 27. Be6 Qa1 28. Rb1 Qc3 29. Qxf1 a5 30. Rc1 Qe3 31. Re1 Qf4 32. Re4 Qf6 33. Qc1 Rab8 34. Rg4 a4 35. h4 Be5 36. h5 a3 37. Rg6 Qh4+ 38. Kg1 Bd4+ 39. Kf1 Qf2# 0-1


[Site "https://www.chess.com"]

[Event "Titled Tuesday Blitz April 4 Early 2023"]
[White "Jessel, Stephen"]
[Black "Legenia, Artem"]
[WhiteFideId "628859"]
[BlackFideId "14136945"]
[WhiteElo "2268"]
[BlackElo "1992"]
[Result "1-0"]
[Round "01"]
[TimeControl "180+2"]
[Date "2023.04.04"]
[WhiteClock "0:00:18"]
[BlackClock "0:00:17"]

1. Nf3 Nf6 2. g3 b5 3. Bg2 Bb7 4. O-O e6 5. a4 a6 6. b3 Be7 7. Bb2 O-O 8. axb5 axb5 9. Rxa8 Bxa8 10. Nc3 b4 11. Na4 d6 12. Qa1 Bb7 13. Re1 Nbd7 14. d3 c5 15. e4 e5 16. Nd2 Nb6 17. Nxb6 Qxb6 18. Nc4 Qa6 19. Qxa6 Bxa6 20. Ne3 Ra8 21. Ra1 Bb7 22. Rxa8+ Bxa8 23. f4 exf4 24. gxf4 Nd7 25. Bh3 Nb6 26. Bg2 h6 27. Kf2 Bc6 28. d4 Nd7 29. d5 Bb5 30. Bf1 Bxf1 31. Kxf1 Bf6 32. Bc1 Kf8 33. Ke2 Bd4 34. Nf5 Bg1 35. Kf1 Bxh2 36. Kg2 Nf6 37. Nxd6 Ng4 38. Nb7 h5 39. Nxc5 f6 40. Nd3 Kf7 41. Nxb4 g5 42. fxg5 fxg5 43. Bxg5 Ne5 44. Nd3 Nxd3 45. cxd3 Bd6 46. Be3 Kf6 47. Kh3 Ke5 48. Kh4 Be7+ 49. Kxh5 Bb4 50. Kg4 Be1 51. Kf3 Bh4 52. d4+ Kd6 53. Bf4+ Kd7 54. Ke3 Be1 55. Kd3 Bb4 56. Kc4 Be7 57. e5 Bh4 58. b4 Bf2 59. b5 1-0


[Site "https://www.chess.com"]

[Event "Titled Tuesday Blitz April 4 Early 2023"]
[White "Toktomushev, Teimur"]
[Black "Thomforde-Toates, Noah"]
[WhiteFideId "14176726"]
[BlackFideId "30951992"]
[WhiteElo "2116"]
[BlackElo "2662"]
[Result "0-1"]
[Round "01"]
[TimeControl "180+2"]
[Date "2023.04.04"]
[WhiteClock "0:00:04"]
[BlackClock "0:00:59"]

1. d4 Nf6 2. c4 g6 3. Nc3 Bg7 4. e4 d6 5. f3 O-O 6. Be3 Nc6 7. Nge2 a6 8. Qd2 Na5 9. Nc1 Nd7 10. Nb3 c5 11. dxc5 Nxb3 12. axb3 Nxc5 13. Ra3 f5 14. b4 Nd7 15. Be2 Ne5 16. f4 Nc6 17. b5 Nb4 18. O-O a5 19. Nd5 Nxd5 20. exd5 e5 21. b4 exf4 22. Bd4 Bxd4+ 23. Qxd4 Re8 24. Bf3 Bd7 25. Rfa1 Re3 26. Rxe3 fxe3 27. bxa5 Rxa5 28. Rxa5 Qxa5 29. Qxe3 Qa1+ 30. Kf2 Qb2+ 31. Kg3 Qf6 32. h3 h5 33. Kh2 h4 34. Qf4 g5 35. Qe3 Kg7 36. c5 dxc5 37. Qxc5 Qe5+ 38. Kh1 g4 39. hxg4 fxg4 0-1


[Site "https://www.chess.com"]

[Event "Titled Tuesday Blitz April 4 Early 2023"]
[White "Szabo, Marcell"]
[Black "Perez Rodriguez, Jennifer"]
[WhiteFideId "2072033"]
[BlackFideId "3507831"]
[WhiteElo "1795"]
[BlackElo "2116"]
[Result "1/2-1/2"]
[Round "01"]
[TimeControl "180+2"]
[Date "2023.04.04"]
[WhiteClock "0:00:57"]
[BlackClock "0:00:02"]

1. e4 e5 2. Nf3 Nc6 3. Bc4 Bc5 4. c3 Nf6 5. O-O Nxe4 6. d4 exd4 7. cxd4 Bb6 8. Re1 d5 9. Bxd5 Qxd5 10. Nc3 Qa5 11. Rxe4+ Be6 12. d5 O-O-O 13. Bg5 Bxd5 14. Bxd8 Bxe4 15. Bxc7 Bxf3 16. Bxb6 Bxd1 17. Bxa5 Bh5 18. Re1 Bg6 19. b4 b6 20. Rc1 Kb7 21. Nb5 Rd8 22. Na3 bxa5 23. b5 Nb4 24. Nc4 Bd3 25. Nxa5+ Kb6 26. Nb3 Kxb5 27. a3 Nc2 28. h4 Nxa3 29. Ra1 Kb4 30. Nd2 a5 31. Nf3 a4 32. Ne5 Be4 33. Nxf7 Rd2 34. Ng5 Bd3 35. Nf3 Rb2 36. Ne5 Rb1+ 37. Rxb1+ Bxb1 38. Nc6+ Kb5 39. Nd4+ Kc4 40. Nc6 Nb5 41. Na5+ Kc3 42. Nb7 a3 43. Nc5 a2 44. Na4+ Kb3 45. Nc5+ Kc4 46. Ne6 a1=Q 47. Nf4 Bf5+ 48. Kh2 Qd4 49. Kg3 Qd3+ 50. Nxd3 Kxd3 51. Kf4 Be6 52. Ke5 Bc4 53. f4 Ke3 54. g4 Kf3 55. g5 Kg4 56. f5 Kxh4 57. f6 gxf6+ 58. Kxf6 Kg4 59. g6 Bd3 60. gxh7 Bxh7 61. Ke5 Bf5 62. Kf6 Nc3 63. Kg7 Kg5 64. Kh8 Ne4 65. Kg8 Kf6 66. Kh8 Ng5 67. Kg8 Nf7 68. Kf8 Bh7 69. Ke8 Ke6 70. Kf8 Kf6 71. Ke8 Bg6 72. Kf8 Ng5 73. Kg8 1/2-1/2


[Site "https://www.chess.com"]

[Event "Titled Tuesday Blitz April 4 Early 2023"]
[White "Krzywda, Andrzej"]
[Black "Sieciechowicz, Marcin"]
[WhiteFideId "1114565"]
[BlackFideId "1130170"]
[WhiteElo "2155"]
[BlackElo "2302"]
[Result "1-0"]
[Round "01"]
[TimeControl "180+2"]
[Date "2023.04.04"]
[WhiteClock "0:00:01"]
[BlackClock "0:00:01"]

1. c4 Nf6 2. Nc3 d5 3. cxd5 Nxd5 4. g3 c5 5. Bg2 Nc7 6. d3 e5 7. Bd2 Be7 8. Nf3 Nc6 9. O-O O-O 10. a3 Be6 11. b4 cxb4 12. axb4 Bxb4 13. Rb1 Qe7 14. Na4 Bxd2 15. Qxd2 Nd5 16. Rfc1 Rad8 17. Ng5 Bc8 18. Ne4 Nd4 19. Nac3 Nxc3 20. Nxc3 b6 21. e3 Nf5 22. Qa2 Be6 23. Qa4 Rc8 24. Nd5 Bxd5 25. Bxd5 h6 26. Qg4 Nd6 27. h4 Kh8 28. Qb4 g6 29. Kg2 Kg7 30. Ra1 Qd7 31. Bf3 Rxc1 32. Rxc1 Rc8 33. Rd1 Qc7 34. Qa3 a5 35. Qb2 Qc5 36. Rb1 Rb8 37. d4 exd4 38. exd4 Qc7 39. d5+ Kg8 40. Qe5 Qd7 41. Re1 b5 42. Qf6 Re8 43. Rb1 b4 44. h5 gxh5 45. Qxh6 Qe7 46. Qxh5 Qf6 47. Rh1 Qg7 48. Qh4 Rf8 49. Qf4 Ne8 50. Rh4 Nf6 51. Rh1 b3 52. d6 b2 53. Rb1 1-0


[Site "https://www.chess.com"]

[Event "Titled Tuesday Blitz April 4 Early 2023"]
[White "Piesik, Piotr"]
[Black "Guzman Moneo, Alberto"]
[WhiteFideId "1136194"]
[BlackFideId "2209616"]
[WhiteElo "2299"]
[BlackElo "2157"]
[Result "1-0"]
[Round "01"]
[TimeControl "180+2"]
[Date "2023.04.04"]
[WhiteClock "0:01:37"]
[BlackClock "0:00:06"]

1. Nf3 g6 2. g3 Bg7 3. d4 c5 4. c3 cxd4 5. cxd4 Nf6 6. Bg2 O-O 7. O-O d5 8. Nc3 Nc6 9. Ne5 e6 10. Nxc6 bxc6 11. Na4 Nd7 12. b3 c5 13. Bb2 Rb8 14. Rc1 Qa5 15. Bc3 Qa6 16. dxc5 Bb7 17. Bxg7 Kxg7 18. e4 Bc6 19. exd5 exd5 20. Nc3 Nf6 21. Qd4 Rfd8 22. g4 h6 23. h4 g5 24. f4 gxh4 25. g5 Qxf1+ 26. Rxf1 1-0


[Site "https://www.chess.com"]

[Event "Titled Tuesday Blitz April 4 Early 2023"]
[White "Srinath, Rao S.V."]
[Black "Topalov, Aleksandar"]
[WhiteFideId "5028876"]
[BlackFideId "925659"]
[WhiteElo "2196"]
[BlackElo "2151"]
[Result "1/2-1/2"]
[Round "01"]
[TimeControl "180+2"]
[Date "2023.04.04"]
[WhiteClock "0:00:08"]
[BlackClock "0:00:04"]

1. d4 Nf6 2. Nc3 d5 3. Bf4 Bf5 4. e3 c6 5. Nf3 Nbd7 6. Ne5 h5 7. Bd3 Bxd3 8. Qxd3 e6 9. O-O-O Nxe5 10. dxe5 Nd7 11. e4 Qa5 12. Kb1 Bb4 13. exd5 cxd5 14. Ne4 O-O-O 15. Ng5 Rdf8 16. a3 Be7 17. Rhe1 Kb8 18. Qf3 Qb6 19. h4 Nc5 20. Be3 Qc7 21. Bd4 Bxg5 22. hxg5 g6 23. Qe3 Rc8 24. Re2 b6 25. Qc3 Ne4 26. Qe3 Qe7 27. f3 Nc5 28. Bxc5 Rxc5 29. Rd4 Rhc8 30. c3 Qd7 31. Red2 Qb5 32. Qd3 Qe8 33. g3 Qe7 34. f4 Qc7 35. Ka2 Kb7 36. Ra4 Kb8 37. Rd4 Kb7 38. a4 Qc6 39. Ka3 Rc4 40. Rxc4 Qxc4 41. Qxc4 Rxc4 42. Rd4 Rc5 43. Kb3 Rc8 44. c4 dxc4+ 45. Kc3 Rc7 46. Rd8 a6 47. Kb4 Ka7 48. Rd6 Kb7 49. a5 b5 50. Rb6+ Ka7 51. Rd6 Kb7 52. Rd8 Ka7 53. Rd6 Kb7 1/2-1/2


[Site "https://www.chess.com"]

[Event "Titled Tuesday Blitz April 4 Early 2023"]
[White "Itkis, Boris"]
[Black "Gold_Ocean"]
[WhiteFideId "1209167"]
[WhiteElo "2216"]
[BlackElo "2651"]
[Result "0-1"]
[Round "01"]
[TimeControl "180+2"]
[Date "2023.04.04"]
[WhiteClock "0:00:56"]
[BlackClock "0:02:00"]

1. d4 Nf6 2. c4 c5 3. d5 e6 4. Nc3 exd5 5. cxd5 g6 6. e4 d6 7. f3 Bg7 8. Nge2 O-O 9. Ng3 h5 10. Be2 h4 11. Nf1 Re8 12. Be3 a6 13. a4 Nbd7 14. Nd2 Ne5 15. O-O Bd7 16. h3 Bc8 17. a5 Rb8 18. Qc2 Ned7 19. Nc4 Qc7 20. f4 b5 21. axb6 Nxb6 22. Rae1 Nxc4 23. Bxc4 Nh5 24. e5 Rb4 25. exd6 Qd8 26. b3 Bf5 27. Bd3 Bxd3 28. Qxd3 Qxd6 29. Ne4 Rbxe4 30. Bxc5 Qxc5+ 0-1


[Site "https://www.chess.com"]

[Event "Titled Tuesday Blitz April 4 Early 2023"]
[White "Sokolovsky, Yahli"]
[Black "Shukhman, Anna"]
[WhiteFideId "2820242"]
[BlackFideId "54180058"]
[WhiteElo "2316"]
[BlackElo "2125"]
[Result "1-0"]
[Round "01"]
[TimeControl "180+2"]
[Date "2023.04.04"]
[WhiteClock "0:00:19"]
[BlackClock "0:00:43"]

1. b3 Nf6 2. Bb2 g6 3. Nf3 Bg7 4. d4 O-O 5. e3 d5 6. Bd3 c6 7. Nbd2 a5 8. a3 a4 9. b4 b5 10. O-O Nbd7 11. h3 Nb6 12. Ne5 Qc7 13. f4 Nc4 14. Bxc4 dxc4 15. e4 Rd8 16. Qe2 Be6 17. c3 Nh5 18. Qf3 f6 19. Ng4 f5 20. Ne5 Nf6 21. Rae1 fxe4 22. Nxe4 Bd5 23. Ng4 Nxe4 24. Rxe4 Rf8 25. Bc1 Rf7 26. Qe2 Bxe4 27. Qxe4 Raf8 28. Re1 Qd6 29. g3 Qd5 30. Qxd5 cxd5 31. Re6 h5 32. Ne3 Rf6 33. Rxf6 exf6 34. Nxd5 Re8 35. Kf2 f5 36. Nc7 Rb8 37. Be3 Kf7 38. h4 Ke7 39. Ke2 Rb7 40. Na6 Bf8 41. d5 Kd7 42. Bc5 Bd6 43. Ke3 Ke7 44. Kd4 Rd7 45. Nb8 Rc7 46. Nc6+ Kd7 47. Ne5+ Bxe5+ 48. fxe5 g5 49. e6+ Ke8 50. hxg5 f4 51. gxf4 h4 52. Bd6 Rh7 53. f5 h3 54. f6 h2 55. f7+ Rxf7 56. exf7+ Kxf7 57. Bxh2 Kg6 58. Kc5 Kxg5 59. Kxb5 Kg4 60. Kxc4 Kf3 61. Kb5 Ke2 62. Kxa4 Kd3 63. Be5 Kc2 64. d6 Kb2 65. c4+ Kc2 66. c5 Kb1 67. b5 Kc2 68. b6 Kb1 69. c6 Kc2 70. d7 Kc1 71. c7 Kc2 72. b7 Kc1 73. d8=N Kc2 74. c8=N Kd3 75. Kb5 Kc2 76. Bc7 Kd3 77. a4 Kc2 78. a5 Kd3 79. a6 Kc2 80. a7 Kd3 81. a8=B Kc2 82. b8=R Kd3 83. Nb6 Kc2 84. Nc6 Kd3 85. Bb7 Kc2 86. Rd8 Kc3 87. Na4+ Kc2 88. Nb4+ Kb3 89. Rd3# 1-0


[Site "https://www.chess.com"]

[Event "Titled Tuesday Blitz April 4 Early 2023"]
[White "Carre, Sylvain"]
[Black "Malek, Jan"]
[WhiteFideId "642118"]
[BlackFideId "21864080"]
[WhiteElo "2105"]
[BlackElo "2255"]
[Result "0-1"]
[Round "01"]
[TimeControl "180+2"]
[Date "2023.04.04"]
[WhiteClock "0:00:15"]
[BlackClock "0:01:17"]

1. d4 f5 2. g3 Nf6 3. Bg2 g6 4. c4 Bg7 5. Nc3 O-O 6. b4 d6 7. Bb2 c6 8. a3 Qe8 9. e3 e5 10. Nge2 Qe7 11. b5 Rd8 12. bxc6 bxc6 13. Qa4 e4 14. O-O Qc7 15. h4 Nbd7 16. Nf4 Nf8 17. Rfd1 Rb8 18. Rab1 Ne6 19. Nxe6 Bxe6 20. d5 cxd5 21. Nxd5 Nxd5 22. cxd5 Bd7 23. Qa6 Bb5 24. Bxg7 Bxa6 25. Bd4 Rxb1 26. Rxb1 Rb8 27. Rxb8+ Qxb8 28. h5 g5 29. h6 Qb1+ 30. Kh2 Bf1 31. Bg7 Qe1 32. Kg1 Be2+ 33. Kh2 Qxf2 0-1


[Site "https://www.chess.com"]

[Event "Titled Tuesday Blitz April 4 Early 2023"]
[White "Shuvalova, Polina"]
[Black "Ansh M Shah"]
[WhiteFideId "24171760"]
[BlackFideId "25033379"]
[WhiteElo "2281"]
[BlackElo "2084"]
[Result "1-0"]
[Round "01"]
[TimeControl "180+2"]
[Date "2023.04.04"]
[WhiteClock "0:01:00"]
[BlackClock "0:00:07"]

1. e4 c6 2. d4 d5 3. exd5 cxd5 4. Bd3 Nc6 5. c3 Nf6 6. Nf3 Bg4 7. Bf4 e6 8. Nbd2 Bd6 9. Bxd6 Qxd6 10. O-O O-O 11. Re1 Ne7 12. Qc2 Bf5 13. Ne5 Bxd3 14. Nxd3 Nc6 15. a4 Rab8 16. Nf3 Rfc8 17. Re3 h6 18. h3 a6 19. Qe2 Ne4 20. Nfe5 Nxe5 21. Nxe5 Nf6 22. Rf3 b5 23. axb5 Rxb5 24. Nd3 Rcb8 25. Re3 Ne4 26. Qc2 Qc6 27. Ree1 Qc4 28. Ra4 Qc6 29. Rea1 R5b6 30. Ra5 Nd6 31. Rc5 Qb7 32. b4 Rc6 33. Qa4 Ne4 34. Rxc6 1-0


[Site "https://www.chess.com"]

[Event "Titled Tuesday Blitz April 4 Early 2023"]
[White "Kovacsy, Barnabas"]
[Black "Rozman, Levy"]
[WhiteFideId "769290"]
[BlackFideId "2039877"]
[WhiteElo "2130"]
[BlackElo "2376"]
[Result "0-1"]
[Round "01"]
[TimeControl "180+2"]
[Date "2023.04.04"]
[WhiteClock "0:00:15"]
[BlackClock "0:00:48"]

1. e4 c6 2. d4 d5 3. Nc3 a6 4. Be2 g6 5. Nf3 Bg7 6. O-O dxe4 7. Nxe4 Nf6 8. Nxf6+ exf6 9. c3 O-O 10. Re1 Re8 11. Bf4 Bf5 12. Qb3 b5 13. a4 Nd7 14. Bf1 Be6 15. Qc2 Bd5 16. Nd2 Nb6 17. axb5 Rxe1 18. Rxe1 axb5 19. Be2 Qe7 20. Be3 Ra2 21. c4 bxc4 22. Nxc4 Nxc4 23. Bxc4 Qb4 24. Rc1 Rxb2 25. Qc3 Qxc3 26. Rxc3 Rb1+ 27. Bf1 f5 28. g3 h5 29. h4 Bf3 30. Rc2 Rd1 31. Rb2 Bxd4 32. Bxd4 Rxd4 33. Bg2 Bxg2 34. Kxg2 f4 35. Rc2 fxg3 36. fxg3 Rd6 37. Kf3 Kf8 38. Kf4 Ke7 39. Ke4 Kd7 40. Ra2 Ke6 41. Ra8 f5+ 42. Ke3 Kd5 43. Ra1 c5 44. Rd1+ Kc6 45. Ra1 c4 46. Ra5 Rd3+ 47. Kf2 c3 48. Ra6+ Kb5 49. Ra8 Kc4 50. Rc8+ Kb3 0-1


[Site "https://www.chess.com"]

[Event "Titled Tuesday Blitz April 4 Early 2023"]
[White "Florescu, Codrut-Constantin"]
[Black "Manon-og, Ramon Jr."]
[WhiteFideId "1202200"]
[BlackFideId "5200776"]
[WhiteElo "2191"]
[BlackElo "2364"]
[Result "0-1"]
[Round "01"]
[TimeControl "180+2"]
[Date "2023.04.04"]
[WhiteClock "0:01:17"]
[BlackClock "0:01:23"]

1. e4 c5 2. Nf3 d6 3. Bc4 Nc6 4. d3 Nf6 5. a4 Bg4 6. Nbd2 e6 7. h3 Bh5 8. c3 Be7 9. Bb3 O-O 10. g4 Bg6 11. Nf1 d5 12. e5 Nd7 13. Bf4 f6 14. exf6 Nxf6 15. Bg3 Bd6 16. Qe2 Qd7 17. O-O-O Na5 18. Bc2 Rab8 19. Nh4 b5 20. Nxg6 hxg6 21. axb5 Bxg3 22. Nxg3 Rfe8 23. c4 a6 24. g5 Nh7 25. bxa6 Nb3+ 26. Bxb3 Rxb3 27. Rd2 Qa4 28. Kb1 Qxa6 29. h4 Ra8 30. Kc2 Qa4 31. Qxe6+ Kh8 32. Kd1 Rb6+ 0-1


[Site "https://www.chess.com"]

[Event "Titled Tuesday Blitz April 4 Early 2023"]
[White "HamedWafa4"]
[Black "Domingo Nunez, Ruben"]
[BlackFideId "22245570"]
[WhiteElo "2363"]
[BlackElo "2404"]
[Result "0-1"]
[Round "01"]
[TimeControl "180+2"]
[Date "2023.04.04"]
[WhiteClock "0:01:04"]
[BlackClock "0:00:25"]

1. e4 g6 2. d4 Bg7 3. Nc3 c6 4. f4 d5 5. e5 f6 6. Nf3 Nh6 7. Bd3 Bg4 8. O-O O-O 9. Be3 Nf5 10. Bxf5 Bxf5 11. Nh4 fxe5 12. Nxf5 Rxf5 13. fxe5 Qf8 14. Qg4 e6 15. Rxf5 Qxf5 16. Qxf5 gxf5 17. Ne2 Nd7 18. Kf2 Rc8 19. Nf4 Kf7 20. b4 Bf8 21. c3 b6 22. Rb1 Bh6 23. Nxd5 cxd5 24. Bxh6 Rxc3 25. Rc1 Rxc1 26. Bxc1 b5 27. Kf3 Nb6 28. h3 Na4 29. Ke2 Kg6 30. g4 fxg4 31. hxg4 h5 32. gxh5+ Kxh5 33. Kf3 Nc3 34. Bd2 Ne4 35. Be1 Kg5 36. Ke3 Kg4 37. Kd3 Kf3 38. Bh4 Nf2+ 39. Kd2 Nh3 40. Kd3 Nf4+ 41. Kc3 Ke4 42. Bf2 Ne2+ 43. Kd2 Nxd4 44. Bg3 Nf3+ 45. Ke2 Nxe5 46. Bf2 a6 0-1


[Site "https://www.chess.com"]

[Event "Titled Tuesday Blitz April 4 Early 2023"]
[White "Darini, Pouria"]
[Black "Ai, Evan"]
[WhiteFideId "12502200"]
[BlackFideId "2094770"]
[WhiteElo "2482"]
[BlackElo "1963"]
[Result "1-0"]
[Round "01"]
[TimeControl "180+2"]
[Date "2023.04.04"]
[WhiteClock "0:00:18"]
[BlackClock "0:00:16"]

1. e4 e5 2. Nf3 Nc6 3. Bb5 a6 4. Ba4 b5 5. Bb3 Nf6 6. d3 Bc5 7. a4 Bb7 8. Nc3 b4 9. Nd5 d6 10. Bg5 h6 11. Bxf6 gxf6 12. a5 f5 13. exf5 Nd4 14. Nxd4 Bxd4 15. Qh5 Bxb2 16. Rb1 Bd4 17. O-O Rg8 18. Qxh6 c6 19. Nf6+ Ke7 20. Nxg8+ Qxg8 21. f6+ Kd7 22. Qg7 Qxg7 23. fxg7 Rg8 24. Bxf7 Rxg7 25. Rxb4 Kc7 26. Rxd4 exd4 27. Bc4 d5 28. Bb3 Bc8 29. f3 Bh3 30. Rf2 Bf5 31. g4 Bd7 32. Re2 Kd6 33. h4 Rf7 34. Kg2 c5 35. Kg3 Be6 36. h5 Rg7 37. Kh4 c4 38. dxc4 dxc4 39. Rxe6+ Kxe6 40. Bxc4+ Kf6 41. Bxa6 Ra7 42. Bd3 Rxa5 43. g5+ Kg7 44. Kg4 Re5 45. h6+ Kh8 46. f4 Re1 47. Kf5 Kg8 48. Kf6 Rg1 49. g6 Kh8 50. g7+ 1-0


[Site "https://www.chess.com"]

[Event "Titled Tuesday Blitz April 4 Early 2023"]
[White "Klepikov, Nikita"]
[Black "Fishchuk, Vladyslav"]
[WhiteFideId "24145220"]
[BlackFideId "34122117"]
[WhiteElo "2025"]
[BlackElo "2082"]
[Result "1-0"]
[Round "01"]
[TimeControl "180+2"]
[Date "2023.04.04"]
[WhiteClock "0:00:17"]
[BlackClock "0:00:07"]

1. e4 c5 2. Nf3 Nf6 3. e5 Nd5 4. c4 Nb6 5. Nc3 Nc6 6. d3 d5 7. exd6 e5 8. Nb5 Bxd6 9. Nxd6+ Qxd6 10. Bd2 Bf5 11. Bc3 Rd8 12. Be2 f6 13. O-O Bxd3 14. b3 Bxe2 15. Qxe2 Nd4 16. Qe4 Qc6 17. Qg4 Nxf3+ 18. gxf3 O-O 19. Rad1 Na8 20. Kh1 Nc7 21. Rg1 Ne6 22. Bd2 Rd3 23. Bh6 Qxf3+ 24. Qxf3 Rxf3 25. Rd7 Rf7 26. Rd6 Nf8 27. Rg2 Rc3 28. Be3 b6 29. Rg1 Rd7 30. Rgd1 Rxd6 31. Rxd6 Rc2 32. Rd2 Rxd2 33. Bxd2 Kf7 34. Kg2 Ke6 35. Kf3 f5 36. Ke3 Nd7 37. Kd3 e4+ 38. Kc3 h6 39. b4 g5 40. Kb3 cxb4 41. Kxb4 Nc5 42. Kb5 Kd6 43. a4 f4 44. Bb4 e3 45. fxe3 fxe3 46. a5 e2 47. axb6 axb6 48. Kxb6 g4 49. Bxc5+ Ke5 50. Bf2 h5 51. c5 Kf4 52. c6 Kf3 53. Bg3 Kg2 54. c7 Kh3 55. c8=Q h4 56. Bxh4 Kxh4 57. Qc1 g3 58. hxg3+ Kxg3 59. Qe1+ Kf3 60. Kc5 Ke3 61. Kc4 Kf3 62. Kd3 Kg2 63. Qxe2+ 1-0


[Site "https://www.chess.com"]

[Event "Titled Tuesday Blitz April 4 Early 2023"]
[White "Kozak, Antoni"]
[Black "Skaric, Djuro"]
[WhiteFideId "21832030"]
[BlackFideId "934569"]
[WhiteElo "2470"]
[BlackElo "2282"]
[Result "1-0"]
[Round "01"]
[TimeControl "180+2"]
[Date "2023.04.04"]
[WhiteClock "0:01:48"]
[BlackClock "0:01:52"]

1. d4 d6 2. Nf3 g6 3. e4 Nc6 4. Bb5 Bd7 5. O-O Bg7 6. Re1 Nf6 7. Nc3 O-O 8. e5 Ng4 9. h3 Nh6 10. exd6 cxd6 11. d5 Nb8 12. Bf1 Kh8 13. Bg5 Ng8 14. a4 Nf6 15. Ra3 Na6 16. Nb5 Nc7 17. c4 Nxb5 18. axb5 Re8 19. Qd2 Kg8 20. Bd3 Qc8 21. Rea1 a6 22. bxa6 bxa6 23. Qf4 Qb7 24. R1a2 Nh5 25. Qe3 e5 26. Nd2 Nf4 27. Bxf4 exf4 28. Qxf4 Re1+ 29. Bf1 Be5 30. Qf3 f5 31. Qd3 Qb6 32. Nf3 Rc1 33. Nxe5 dxe5 34. Qe3 Qxe3 35. fxe3 f4 36. exf4 exf4 37. Rxa6 Bf5 38. Rxa8+ 1-0


[Site "https://www.chess.com"]

[Event "Titled Tuesday Blitz April 4 Early 2023"]
[White "Ruperez Benito, Antonio"]
[Black "Hamitevici, Vladimir"]
[WhiteFideId "22245049"]
[BlackFideId "13902393"]
[WhiteElo "2273"]
[BlackElo "2401"]
[Result "0-1"]
[Round "01"]
[TimeControl "180+2"]
[Date "2023.04.04"]
[WhiteClock "0:00:20"]
[BlackClock "0:00:16"]

1. e4 c5 2. Nf3 Nc6 3. Bb5 e6 4. O-O Nge7 5. Re1 a6 6. Bf1 Ng6 7. c3 Be7 8. d4 d6 9. Be3 O-O 10. dxc5 dxc5 11. Nbd2 Qc7 12. a4 Rd8 13. Qc2 b6 14. Nc4 Rb8 15. Rad1 b5 16. axb5 axb5 17. Na3 c4 18. Nd4 Nxd4 19. cxd4 Ba6 20. Ra1 Qb7 21. Red1 Rbc8 22. Nb1 b4 23. Nd2 b3 24. Qc1 Bb4 25. Nb1 Bb5 26. f3 Qe7 27. Nc3 Be8 28. d5 Bc5 29. dxe6 fxe6 30. Rxd8 Rxd8 31. Bxc4 Qg5 32. Bxc5 Qxc5+ 33. Kh1 Qxc4 34. Qg5 Rc8 35. h4 Qc5 36. Qg3 Qh5 37. Ra7 Qxh4+ 38. Qxh4 Nxh4 39. Rb7 Bf7 40. Rxb3 e5 41. Rb7 Ng6 42. Kg1 Kf8 43. Kf2 Nf4 44. g3 Nd3+ 45. Ke3 Nxb2 46. Nb5 Nc4+ 47. Kf2 Rd8 48. Rc7 Nd6 49. Nc3 Rc8 50. Rxc8+ Nxc8 51. Ke3 Ne7 52. Ne2 Nc6 53. f4 Ke7 54. f5 Bh5 55. Nc3 Bf7 56. g4 Kf6 57. Kf3 Kg5 58. Kg3 Nd4 59. Nd1 Ne2+ 60. Kf3 Nd4+ 61. Kg3 Bc4 62. Nf2 Ne2+ 63. Kf3 h6 64. Nh3+ Kh4 65. Nf2 Nd4+ 66. Ke3 Kg3 67. Nd1 Kxg4 68. Nc3 Bf7 69. Na4 h5 70. Nc5 Kg3 71. Nd7 Nc6 72. Nxe5 Nxe5 0-1


[Site "https://www.chess.com"]

[Event "Titled Tuesday Blitz April 4 Early 2023"]
[White "Sadykov, Ramil"]
[Black "Kujawski, Adam"]
[WhiteFideId "24113590"]
[BlackFideId "1100920"]
[WhiteElo "2245"]
[BlackElo "2054"]
[Result "1-0"]
[Round "01"]
[TimeControl "180+2"]
[Date "2023.04.04"]
[WhiteClock "0:00:27"]
[BlackClock "0:00:03"]

1. d4 Nf6 2. Nc3 d5 3. Bf4 a6 4. e3 h6 5. Nf3 Bg4 6. h3 Bxf3 7. Qxf3 e6 8. Bd3 Nbd7 9. e4 dxe4 10. Nxe4 Nxe4 11. Qxe4 c6 12. c3 Nf6 13. Qe2 Nd5 14. Be5 Qg5 15. h4 Qd8 16. O-O-O Qa5 17. Kb1 O-O-O 18. h5 Rg8 19. Qf3 Rd7 20. Bh7 Rh8 21. Be4 f5 22. Bc2 Bd6 23. Rhe1 Re8 24. Bxd6 Rxd6 25. Bxf5 Kb8 26. Bg6 Red8 27. Re5 c5 28. Qf7 cxd4 29. Rxd4 Qb5 30. Qxg7 Nxc3+ 31. Kc2 Rxd4 32. Rxb5 Rd2+ 33. Kxc3 1-0


[Site "https://www.chess.com"]

[Event "Titled Tuesday Blitz April 4 Early 2023"]
[White "Rian, Kapriaga"]
[Black "Rostomyan, Mikayel"]
[WhiteFideId "7103263"]
[BlackFideId "13313754"]
[WhiteElo "2353"]
[BlackElo "2061"]
[Result "1-0"]
[Round "01"]
[TimeControl "180+2"]
[Date "2023.04.04"]
[WhiteClock "0:00:04"]
[BlackClock "0:00:06"]

1. d4 d5 2. Bf4 Nf6 3. e3 Bf5 4. Nf3 e6 5. Be2 Bd6 6. Ne5 O-O 7. g4 Be4 8. f3 Bg6 9. h4 h5 10. Nxg6 fxg6 11. Bxd6 Qxd6 12. f4 hxg4 13. Bxg4 Qb4+ 14. Nd2 Kf7 15. h5 Qxb2 16. hxg6+ Ke7 17. Rb1 Qc3 18. Rb3 Qc6 19. Bf3 Nbd7 20. c4 Rh8 21. Kf2 Qa6 22. cxd5 exd5 23. Rc3 c6 24. Rxh8 Rxh8 25. Kg3 Qxa2 26. Rb3 b5 27. Rc3 Qa6 28. e4 dxe4 29. Nxe4 Rh6 30. Ng5 Nd5 31. Qe1+ Kd8 32. Bxd5 cxd5 33. Nf7# 1-0


[Site "https://www.chess.com"]